TOP OF THE 1ST |
Wisconsin Rapids Timber Rattlers batting - Pitching for Burlington Bees : RHP Buddy Maher
|
Pitching: RHP Buddy Maher
|
|
Batting: RHB Jim Presley
|
0-0: Called Strike 0-1: Swinging Strike 0-2: Ball 1-2: Ball 2-2: Foul Ball, location: 2F 2-2: SINGLE (Groundball, 4MD, EV 103.1 MPH)
|
Batting: LHB Matt Hall
|
0-0: Ball 1-0: SINGLE (Groundball, 6M, EV 90.6 MPH) (infield hit) Jim Presley to second
|
Batting: LHB Dion James
|
0-0: Swinging Strike 0-1: Foul Ball, location: 2F 0-2: Ball 1-2: Ball 2-2: Foul Ball, location: 2F 2-2: Foul Ball, location: 2F 2-2: Ball 3-2: Foul Ball, location: 2F 3-2: Fly out, F3 (Popup, 3, EV 60.0 MPH)
|
Batting: LHB Greg Smith
|
0-0: Ball 1-0: Called Strike 1-1: Swinging Strike 1-2: Ball 2-2: SINGLE (Line Drive, 7S, EV 98.1 MPH) Jim Presley to third Matt Hall to second Runner from 3rd tries for Home, SAFE, throw by LF to home
|
Batting: RHB Darryl Motley
|
0-0: Called Strike 0-1: Ball 1-1: Foul Ball, location: 2F 1-2: Grounds into double play, 5-4-3 (Groundball, 56, EV 100.0 MPH)
|
Top of the 1st over - 1 run, 3 hits, 0 errors, 1 left on base; Wisconsin Rapids 1 - Burlington 0 |
BOTTOM OF THE 1ST |
Burlington Bees batting - Pitching for Wisconsin Rapids Timber Rattlers : LHP Mercedes Esquer
|
Pitching: LHP Mercedes Esquer
|
|
Batting: LHB Herm Winningham
|
0-0: Called Strike 0-1: Foul Ball, location: 2F 0-2: Ball 1-2: Foul Ball, location: 2F 1-2: Ball 2-2: Reached on error, E5 (Groundball, 56, EV 101.3 MPH)
|
Batting: LHB Frank Hardy
|
0-0: Ball 1-0: Foul Ball, location: 2F 1-1: Swinging Strike 1-2: Fly out, F8 (Flyball, 8LM, EV 90.6 MPH)
|
Batting: RHB Javier Ortiz
|
0-0: Ball 1-0: Ball 2-0: Fly out, F8 (Line Drive, 8LD, EV 95.0 MPH)
|
Batting: RHB Steve Buechele
|
0-0: Ball 1-0: Swinging Strike 1-1: Ball 2-1: SINGLE (Groundball, 56, EV 103.8 MPH) Herm Winningham to second
|
Batting: RHB Thomas Echstenkamper
|
0-0: Fly out, F7 (Flyball, 7S, EV 90.0 MPH)
|
Bottom of the 1st over - 0 runs, 1 hit, 1 error, 2 left on base; Wisconsin Rapids 1 - Burlington 0 |
TOP OF THE 2ND |
Wisconsin Rapids Timber Rattlers batting - Pitching for Burlington Bees : RHP Buddy Maher
|
Batting: LHB Jimmy Hickman
|
0-0: SINGLE (Groundball, 6D, EV 94.4 MPH)
|
Batting: RHB Al Pedrique
|
0-0: Fly out, F9 (Flyball, 9, EV 93.8 MPH)
|
Batting: SHB Jose Uribe
|
0-0: Called Strike 0-1: Foul Ball, location: 2F 0-2: Strikes out swinging
|
Batting: RHB Phil Lombardi
|
0-0: Ball 1-0: Ground out 6-3 (Groundball, 6S, EV 93.1 MPH)
|
Top of the 2nd over - 0 runs, 1 hit, 0 errors, 1 left on base; Wisconsin Rapids 1 - Burlington 0 |
BOTTOM OF THE 2ND |
Burlington Bees batting - Pitching for Wisconsin Rapids Timber Rattlers : LHP Mercedes Esquer
|
Batting: RHB Bob Glendening
|
0-0: Ball 1-0: Called Strike 1-1: Ball 2-1: Ball 3-1: Base on Balls
|
Batting: RHB Mike Quade
|
0-0: Called Strike 0-1: Ball 1-1: Ball 2-1: Fielders Choice at 2nd, 6-4 (Groundball, 56, EV 83.1 MPH)
|
Batting: RHB Mike Morse
|
0-0: Ball 1-0: Foul Ball, location: 2F 1-1: Grounds into double play, 6-4-3 (Groundball, 6, EV 107.5 MPH)
|
Bottom of the 2nd over - 0 runs, 0 hits, 0 errors, 0 left on base; Wisconsin Rapids 1 - Burlington 0 |
TOP OF THE 3RD |
Wisconsin Rapids Timber Rattlers batting - Pitching for Burlington Bees : RHP Buddy Maher
|
Batting: RHB Jim Presley
|
0-0: Swinging Strike 0-1: SINGLE (Groundball, 5S, EV 76.3 MPH) (infield hit)
|
Batting: LHB Matt Hall
|
0-0: Ball 1-0: SINGLE (Line Drive, 7S, EV 110.6 MPH) Jim Presley to second Runner from 2nd tries for 3rd, SAFE, throw by LF made to third
|
Batting: LHB Dion James
|
0-0: Foul Ball, location: 2F 0-1: Ball 1-1: Called Strike 1-2: Ball 2-2: Ball 3-2: Fly out, F8 (Flyball, 8RD, EV 77.5 MPH) Runner from 3rd tags up, OUT at HOME! 8-2 Matt Hall to second
|
Batting: LHB Greg Smith
|
0-0: Ball 1-0: Called Strike 1-1: Fly out, F6 (Flyball, 6D, EV 79.4 MPH)
|
Top of the 3rd over - 0 runs, 2 hits, 0 errors, 1 left on base; Wisconsin Rapids 1 - Burlington 0 |
BOTTOM OF THE 3RD |
Burlington Bees batting - Pitching for Wisconsin Rapids Timber Rattlers : LHP Mercedes Esquer
|
Batting: RHB Bob Hicks
|
0-0: Ball 1-0: Foul Ball, location: 2F 1-1: SINGLE (Groundball, 25, EV 63.1 MPH) (infield hit)
|
Batting: LHB Herm Winningham
|
0-0: Ball 1-0: Ball 2-0: Fly out, F8 (Flyball, 8RD, EV 96.3 MPH)
|
Batting: LHB Frank Hardy
|
0-0: Ball 1-0: Called Strike 1-1: Ball 2-1: Foul Ball, location: 2F 2-2: Foul Ball, location: 2F 2-2: Foul Ball, location: 2F 2-2: Foul Ball, location: 2F 2-2: Fly out, F4 (Line Drive, 4, EV 71.3 MPH)
|
Batting: RHB Javier Ortiz
|
0-0: Foul Ball, location: 2F 0-1: Ball 1-1: Foul Ball, location: 2F 1-2: Fly out, F8 (Flyball, 8LM, EV 77.5 MPH)
|
Bottom of the 3rd over - 0 runs, 1 hit, 0 errors, 1 left on base; Wisconsin Rapids 1 - Burlington 0 |
TOP OF THE 4TH |
Wisconsin Rapids Timber Rattlers batting - Pitching for Burlington Bees : RHP Buddy Maher
|
Batting: RHB Darryl Motley
|
0-0: Ball 1-0: Ball 2-0: Foul Ball, location: 2F 2-1: Ball 3-1: Called Strike 3-2: Foul Ball, location: 2F 3-2: DOUBLE (Line Drive, 7LM, EV 96.9 MPH)
|
Batting: LHB Jimmy Hickman
|
0-0: Ball 1-0: Swinging Strike 1-1: Ground out U3 (Groundball, 3, EV 99.4 MPH) Darryl Motley to third
|
Batting: RHB Al Pedrique
|
0-0: Hit by Pitch
|
Batting: SHB Jose Uribe
|
0-0: Ball 1-0: Ball 2-0: Called Strike Al Pedrique steals 2nd base 2-1: Foul Ball, location: 2F 2-2: DOUBLE (Flyball, 78D, EV 108.1 MPH) Darryl Motley scores Al Pedrique scores
|
Batting: RHB Phil Lombardi
|
0-0: Ball 1-0: Ground out 2-3 (Groundball, 15S, EV 68.8 MPH) Jose Uribe to third
|
Batting: RHB Jim Presley
|
0-0: Ground out 6-3 (Groundball, 56, EV 90.0 MPH)
|
Top of the 4th over - 2 runs, 2 hits, 0 errors, 1 left on base; Wisconsin Rapids 3 - Burlington 0 |
BOTTOM OF THE 4TH |
Burlington Bees batting - Pitching for Wisconsin Rapids Timber Rattlers : LHP Mercedes Esquer
|
Batting: RHB Steve Buechele
|
0-0: Swinging Strike 0-1: Called Strike 0-2: Ball 1-2: Ball 2-2: Fly out, F7 (Flyball, 78S, EV 89.4 MPH)
|
Batting: RHB Thomas Echstenkamper
|
0-0: SINGLE (Line Drive, 8LS, EV 95.6 MPH)
|
Batting: RHB Bob Glendening
|
0-0: Fly out, F3 (Popup, 3, EV 61.9 MPH)
|
Batting: RHB Mike Quade
|
0-0: Ball 1-0: Called Strike 1-1: Foul Ball, location: 2F 1-2: Ball 2-2: Ball 3-2: Foul Ball, location: 2F 3-2: Strikes out looking
|
Bottom of the 4th over - 0 runs, 1 hit, 0 errors, 1 left on base; Wisconsin Rapids 3 - Burlington 0 |
TOP OF THE 5TH |
Wisconsin Rapids Timber Rattlers batting - Pitching for Burlington Bees : RHP Buddy Maher
|
Batting: LHB Matt Hall
|
0-0: Ball 1-0: Called Strike 1-1: Ball 2-1: SINGLE (Groundball, 4MS, EV 60.6 MPH) (infield hit)
|
Batting: LHB Dion James
|
0-0: Called Strike 0-1: Foul Ball, location: 2F 0-2: Ball 1-2: Foul Ball, location: 2F 1-2: Ball 2-2: Ball 3-2: Foul Ball, location: 2F 3-2: Base on Balls Matt Hall to second
|
Batting: LHB Greg Smith
|
0-0: Called Strike 0-1: DOUBLE (Line Drive, 5D, EV 95.0 MPH) Matt Hall scores Dion James to third
|
Batting: RHB Darryl Motley
|
0-0: Ball Wild Pitch! Dion James scores Greg Smith to third 1-0: Called Strike 1-1: Ball 2-1: SINGLE (Groundball, 56D, EV 106.3 MPH) Greg Smith scores
|
Pitching: RHP Manuel Lunar
|
|
Batting: LHB Jimmy Hickman
|
0-0: Ball 1-0: Foul Ball, location: 2F 1-1: Ball 2-1: Foul Ball, location: 2F 2-2: Reached on error, E6 (Groundball, 6, EV 96.3 MPH) Darryl Motley to second
|
Batting: RHB Al Pedrique
|
0-0: Called Strike 0-1: SINGLE (Line Drive, 56D, EV 99.4 MPH) Darryl Motley to third Jimmy Hickman to second Runner from 3rd tries for Home, SAFE, throw by LF to home
|
Batting: SHB Jose Uribe
|
0-0: Ball 1-0: Fly out, F7 (Line Drive, 7, EV 105.0 MPH)
|
Batting: RHB Phil Lombardi
|
0-0: Swinging Strike 0-1: Ball 1-1: Ball 2-1: Ball 3-1: Base on Balls Jimmy Hickman to third Al Pedrique to second
|
Batting: RHB Jim Presley
|
0-0: Ball 1-0: Ball 2-0: Foul Ball, location: 2F 2-1: DOUBLE (Line Drive, 9LS, EV 108.1 MPH) Jimmy Hickman scores Al Pedrique scores Phil Lombardi to third
|
Batting: LHB Matt Hall
|
0-0: Ball 1-0: Fly out, F4 (Flyball, 4D, EV 87.5 MPH)
|
Batting: LHB Dion James
|
0-0: Ball 1-0: Ball 2-0: Called Strike 2-1: Ball 3-1: Foul Ball, location: 2F 3-2: Foul Ball, location: 2F 3-2: Fly out, F9 (Flyball, 9D, EV 90.6 MPH)
|
Top of the 5th over - 6 runs, 5 hits, 1 error, 2 left on base; Wisconsin Rapids 9 - Burlington 0 |
BOTTOM OF THE 5TH |
Burlington Bees batting - Pitching for Wisconsin Rapids Timber Rattlers : LHP Mercedes Esquer
|
Batting: RHB Mike Morse
|
0-0: Called Strike 0-1: Ball 1-1: Called Strike 1-2: Ball 2-2: Ball 3-2: Base on Balls
|
Batting: RHB Bob Hicks
|
0-0: Called Strike 0-1: Ball 1-1: Ball 2-1: Fly out, F8 (Line Drive, 8RD, EV 101.9 MPH)
|
Batting: LHB Herm Winningham
|
0-0: Ball 1-0: Ball 2-0: Foul Ball, location: 2F 2-1: Ball 3-1: Base on Balls Mike Morse to second
|
Batting: LHB Frank Hardy
|
0-0: Called Strike 0-1: Ball 1-1: Ball 2-1: Foul Ball, location: 2F 2-2: Ball 3-2: Fly out, F9 (Flyball, 9S, EV 94.4 MPH)
|
Batting: RHB Javier Ortiz
|
0-0: Ball 1-0: Foul Ball, location: 2F 1-1: Hit by Pitch Mike Morse to third Herm Winningham to second
|
Batting: RHB Steve Buechele
|
0-0: Fielders Choice at 2nd, 6-4 (Groundball, 56, EV 78.1 MPH)
|
Bottom of the 5th over - 0 runs, 0 hits, 0 errors, 3 left on base; Wisconsin Rapids 9 - Burlington 0 |
TOP OF THE 6TH |
Wisconsin Rapids Timber Rattlers batting - Pitching for Burlington Bees : RHP Manuel Lunar
|
Pitching: RHP Jim Gerlach
|
|
Batting: LHB Greg Smith
|
0-0: Ball 1-0: Foul Ball, location: 2F 1-1: Ball 2-1: Fly out, F9 (Flyball, 9, EV 89.4 MPH)
|
Batting: RHB Darryl Motley
|
0-0: Called Strike 0-1: Fly out, F8 (Flyball, 8LD, EV 78.1 MPH)
|
Batting: LHB Jimmy Hickman
|
0-0: Foul Ball, location: 2F 0-1: Foul Ball, location: 2F 0-2: Ball 1-2: SOLO HOME RUN (Flyball, 9D, EV 98.1 MPH), Distance : 376 ft
|
Batting: RHB Al Pedrique
|
0-0: SINGLE (Line Drive, 34D, EV 94.4 MPH)
|
Batting: SHB Jose Uribe
|
0-0: Swinging Strike 0-1: Ball 1-1: Ball 2-1: Swinging Strike 2-2: Ball 3-2: Foul Ball, location: 2F 3-2: Strikes out swinging
|
Top of the 6th over - 1 run, 2 hits, 0 errors, 1 left on base; Wisconsin Rapids 10 - Burlington 0 |
BOTTOM OF THE 6TH |
Burlington Bees batting - Pitching for Wisconsin Rapids Timber Rattlers : LHP Mercedes Esquer
|
Batting: RHB Thomas Echstenkamper
|
0-0: Foul Ball, location: 2F 0-1: Swinging Strike 0-2: Fly out, F8 (Flyball, 78M, EV 83.8 MPH)
|
Batting: RHB Bob Glendening
|
0-0: Called Strike 0-1: SOLO HOME RUN (Flyball, 78XD, EV 104.4 MPH), Distance : 402 ft
|
Batting: RHB Mike Quade
|
0-0: TRIPLE (Line Drive, 7D, EV 104.4 MPH)
|
Batting: RHB Mike Morse
|
0-0: Called Strike 0-1: Fly out, F8 (Line Drive, 8LM, EV 85.0 MPH)
|
Batting: RHB Bob Hicks
|
0-0: Ball 1-0: Called Strike 1-1: Ball 2-1: Ground out U3 (Groundball, 34S, EV 63.1 MPH)
|
Bottom of the 6th over - 1 run, 2 hits, 0 errors, 1 left on base; Wisconsin Rapids 10 - Burlington 1 |
TOP OF THE 7TH |
Wisconsin Rapids Timber Rattlers batting - Pitching for Burlington Bees : RHP Jim Gerlach
|
Batting: RHB Phil Lombardi
|
0-0: Foul Ball, location: 2F 0-1: Swinging Strike 0-2: Strikes out swinging
|
Batting: RHB Jim Presley
|
0-0: Foul Ball, location: 2F 0-1: Called Strike 0-2: SOLO HOME RUN (Flyball, 78XD, EV 105.0 MPH), Distance : 432 ft
|
Batting: LHB Matt Hall
|
0-0: Called Strike 0-1: Foul Ball, location: 2F 0-2: Ball 1-2: Foul Ball, location: 2F 1-2: Ground out 4-3 (Groundball, 34, EV 101.9 MPH)
|
Pinch Hitting: RHB Barbaro Garbey
|
0-0: Ball 1-0: Ball 2-0: Called Strike 2-1: Foul Ball, location: 2F 2-2: Ground out U3 (Groundball, 3, EV 85.6 MPH)
|
Top of the 7th over - 1 run, 1 hit, 0 errors, 0 left on base; Wisconsin Rapids 11 - Burlington 1 |
BOTTOM OF THE 7TH |
Burlington Bees batting - Pitching for Wisconsin Rapids Timber Rattlers : LHP Mercedes Esquer
|
Now in LF: Barbaro Garbey
|
|
Batting: LHB Herm Winningham
|
0-0: Ball 1-0: Swinging Strike 1-1: Ball 2-1: SINGLE (Groundball, 25, EV 69.4 MPH) (infield hit)
|
Pitching: RHP Juan Maravilla
|
|
Pinch Hitting: RHB Ronald Adkins
|
Pickoff Throw to First - Out! 1-3 0-0: Ball 1-0: Swinging Strike 1-1: Swinging Strike 1-2: Foul Ball, location: 2F 1-2: Ball 2-2: Ball 3-2: Base on Balls
|
Batting: RHB Javier Ortiz
|
0-0: Called Strike 0-1: Ball 1-1: Foul Ball, location: 2F 1-2: SINGLE (Line Drive, 8RS, EV 98.1 MPH) Ronald Adkins to second
|
Batting: RHB Steve Buechele
|
0-0: Ball 1-0: Grounds into double play, 6-4-3 (Groundball, 6, EV 85.0 MPH)
|
Bottom of the 7th over - 0 runs, 2 hits, 0 errors, 1 left on base; Wisconsin Rapids 11 - Burlington 1 |
TOP OF THE 8TH |
Wisconsin Rapids Timber Rattlers batting - Pitching for Burlington Bees : RHP Jim Gerlach
|
Now at 1B: James Noonan
|
|
Pinch Hitting: RHB Richard Lane
|
0-0: Swinging Strike 0-1: Ball 1-1: SINGLE (Line Drive, 6D, EV 105.6 MPH)
|
Pitching: RHP Fernando Alba
|
|
Batting: RHB Darryl Motley
|
0-0: Foul Ball, location: 2F 0-1: Swinging Strike 0-2: Ball 1-2: Grounds into double play, 6-4-3 (Groundball, 6, EV 86.9 MPH)
|
Batting: LHB Jimmy Hickman
|
0-0: Foul Ball, location: 2F 0-1: Fly out, F9 (Line Drive, 9, EV 86.9 MPH)
|
Top of the 8th over - 0 runs, 1 hit, 0 errors, 0 left on base; Wisconsin Rapids 11 - Burlington 1 |
BOTTOM OF THE 8TH |
Burlington Bees batting - Pitching for Wisconsin Rapids Timber Rattlers : RHP Juan Maravilla
|
Now at 1B: David Peterson
|
|
Batting: RHB Thomas Echstenkamper
|
0-0: Ball 1-0: Ball 2-0: Fly out, F9 (Flyball, 9S, EV 83.1 MPH)
|
Batting: RHB Bob Glendening
|
0-0: Hit by Pitch
|
Batting: RHB Mike Quade
|
0-0: Ball 1-0: Ball 2-0: Ball 3-0: Called Strike 3-1: Fly out, F8 (Flyball, 78M, EV 97.5 MPH)
|
Batting: RHB Mike Morse
|
0-0: Called Strike 0-1: Called Strike 0-2: Ball 1-2: Strikes out swinging
|
Bottom of the 8th over - 0 runs, 0 hits, 0 errors, 1 left on base; Wisconsin Rapids 11 - Burlington 1 |
TOP OF THE 9TH |
Wisconsin Rapids Timber Rattlers batting - Pitching for Burlington Bees : RHP Fernando Alba
|
Batting: RHB Al Pedrique
|
0-0: SINGLE (Groundball, 56, EV 88.1 MPH) (infield hit)
|
Batting: SHB Jose Uribe
|
0-0: Ball 1-0: Foul Ball, location: 2F 1-1: Called Strike 1-2: Fielders Choice at 2nd, 4-6 (Groundball, 4, EV 85.6 MPH)
|
Batting: RHB Phil Lombardi
|
0-0: DOUBLE (Flyball, 78D, EV 105.6 MPH) Jose Uribe to third Runner from 3rd tries for Home, SAFE, throw by LF to trailing runner, SAFE at third!
|
Batting: RHB Jim Presley
|
0-0: Called Strike 0-1: Ball 1-1: Ball 2-1: DOUBLE (Line Drive, 78XD, EV 100.6 MPH) Phil Lombardi scores
|
Batting: LHB Matt Hall
|
0-0: Fly out, F7 (Flyball, 7S, EV 91.3 MPH)
|
Batting: RHB Barbaro Garbey
|
0-0: Swinging Strike 0-1: Ball 1-1: Fly out, F7 (Flyball, 7LD, EV 106.9 MPH)
|
Top of the 9th over - 2 runs, 3 hits, 0 errors, 1 left on base; Wisconsin Rapids 13 - Burlington 1 |
BOTTOM OF THE 9TH |
Burlington Bees batting - Pitching for Wisconsin Rapids Timber Rattlers : RHP Juan Maravilla
|
Batting: RHB Bob Hicks
|
0-0: Swinging Strike 0-1: Ball 1-1: Foul Ball, location: 2F 1-2: Reached on error, E6 (Groundball, P, EV 84.4 MPH)
|
Batting: LHB Herm Winningham
|
0-0: Called Strike 0-1: Foul Ball, location: 2F 0-2: Strikes out swinging
|
Batting: RHB James Noonan
|
0-0: Called Strike 0-1: Fly out, F4 (Flyball, 34D, EV 73.1 MPH)
|
Batting: RHB Javier Ortiz
|
0-0: Called Strike 0-1: Ball 1-1: Ball Wild Pitch! Bob Hicks to third 2-1: Swinging Strike 2-2: Foul Ball, location: 2F 2-2: Foul Ball, location: 2F 2-2: DOUBLE (Line Drive, 7LS, EV 97.5 MPH) Bob Hicks scores
|
Batting: RHB Steve Buechele
|
0-0: Fly out, F9 (Line Drive, 9, EV 93.1 MPH)
|
Bottom of the 9th over - 1 run, 1 hit, 1 error, 1 left on base; Wisconsin Rapids 13 - Burlington 2 |
|